 Dungeon Crawl Stone Soup version 0.26.0-10-g1f06aea511 (webtiles) character file.

Game seed: 6718489880950045346

11542 Dracia the Basher (level 11, -5/88 HPs)
             Began as a Deep Dwarf Fighter on Jan 25, 2021.
             Was a Priest of Makhleb.
             Engulfed by a cloud of freezing vapour (13 damage)
             ... on level 11 of the Dungeon.
             The game lasted 00:19:39 (7654 turns).

Dracia the Basher (Deep Dwarf Fighter)              Turns: 7654, Time: 00:19:40

Health: -5/88      AC: 21    Str: 24    XL:     11   Next: 50%
Magic:  15/15      EV:  9    Int:  8    God:    Makhleb [***...]
Gold:   584        SH: 18    Dex: 14    Spells: 10/10 levels left

rFire    + . .     SeeInvis .   t - +2 whip (elec)
rCold    . . .     Faith    .   c - +3 kite shield
rNeg     . . .     Spirit   .   u - +0 plate armour of Dameit {rPois Will+ rCorr} (curse)
rPois    +         Reflect  +   l - +0 helmet (curse)
rElec    .         Harm     .   N - +2 cloak
rCorr    +         Rampage  .   O - +0 pair of gloves
Will     +....                  (no boots)
Stlth    ..........             J - amulet of reflection
HPRegen  0.00/turn              E - +4 ring of evasion
MPRegen  0.14/turn              T - ring "Ynty" {rF+ Will- rCorr Dex+2}

@: non-regenerating, studying Staves, very slow
A: damage resistance, heal wounds, sense surroundings 2, no regeneration
a: Heal Wounds, Renounce Religion, Minor Destruction, Lesser Servant of Makhleb


You were on level 11 of the Dungeon.
You worshipped Makhleb.
Makhleb was most pleased with you.
You visited 2 branches of the dungeon, and saw 12 of its levels.
You visited 1 bazaar.

You collected 628 gold pieces.
You spent 44 gold pieces at shops.


Innate Abilities, Weirdness & Mutations

You are resistant to damage.
You can heal yourself by infusing magical energy.
You passively map the area around you.
You do not regenerate.


   Skills:
 - Level 2.6 Fighting
 * Level 14.6 Maces & Flails
 + Level 10.6 Armour
 - Level 3.2 Shields
 + Level 5.7 Invocations


You had 10 spell levels left.
You didn't know any spells.
Your spell library contained the following spells:

 Spells                   Type           Power        Failure   Level
 Corona                   Hex            0%           100%        1
 Foxfire                  Conj/Fire      0%           100%        1
 Ensorcelled Hibernation  Hex/Ice        0%           100%        2
 Confusing Touch          Hex            0%           100%        3
 Conjure Flame            Conj/Fire      0%           100%        3
 Dazzling Flash           Conj/Hex       0%           100%        3
 Inner Flame              Hex/Fire       0%           100%        3
 Stone Arrow              Conj/Erth      0%           100%        3
 Tukima's Dance           Hex            0%           100%        3
 Animate Dead             Necr           0%           100%        4
 Sticky Flame             Conj/Fire      0%           100%        4
 Agony                    Necr           0%           100%        5
 Borgnjor's Vile Clutch   Necr/Erth      0%           100%        5
 Fireball                 Conj/Fire      0%           100%        5
 Death Channel            Necr           0%           100%        6
 Simulacrum               Ice/Necr       0%           100%        6

Inventory:

Hand Weapons
 t - a +2 whip of electrocution (weapon)
Missiles
 g - 19 poisoned darts
 j - 6 datura-tipped darts
 G - 7 silver javelins
Armour
 c - a +3 kite shield (worn)
 l - a cursed +0 helmet (worn)
 u - the cursed +0 plate armour of Dameit (worn) {rPois Will+ rCorr}
   (You found it on level 4 of the Dungeon)

   It protects you from poison.
   It affects your willpower, your defense against some magical effects.
   It provides partial protection from all sources of acid and corrosion.
   It has a curse placed upon it.
 N - a +2 cloak (worn)
 O - a +0 pair of gloves (worn)
Jewellery
 a - a cursed -4 ring of protection {unknown}
 f - a cursed ring of fire
 A - an uncursed amulet of the acrobat
 E - a +4 ring of evasion (left hand)
 F - an uncursed ring of fire
 J - an amulet of reflection (around neck)
 T - the ring "Ynty" (right hand) {rF+ Will- rCorr Dex+2}
   (You found it on level 11 of the Dungeon)

   [ring of resist corrosion]

   It affects your dexterity (+2).
   It protects you from fire.
   It affects your willpower, your defense against some magical effects.
   It provides partial protection from all sources of acid and corrosion.
Wands
 m - a wand of enslavement (8)
 y - a wand of polymorph (9)
 H - a wand of acid (6)
 K - a wand of flame (10)
 L - a wand of disintegration (8)
Scrolls
 h - a scroll of fog
 o - 6 scrolls of teleportation {@r4@r4}
 r - 2 scrolls of amnesia
 w - 6 scrolls of remove curse {@r2@r2}
 D - a scroll of fear
 M - 3 scrolls of magic mapping
Potions
 b - a potion of resistance {unknown}
 d - 4 potions of might
 e - 2 potions of curing {@q1@q1}
 i - 2 potions of heal wounds {@q2@q2}
 k - 2 potions of lignification
 n - 2 potions of haste {@q3@q3}
 p - 2 potions of mutation
 q - 4 potions of flight
 s - 2 potions of attraction
 z - 2 potions of brilliance
 I - a potion of invisibility
Books
 S - a manual of Staves {!d!d}
Miscellaneous
 P - a condenser vane
 R - a phial of floods

Dungeon Overview and Level Annotations

Branches:
Dungeon (11/15)            Temple (1/1) D:6            Lair (0/6) D:9
    Orc (0/2) D:9

Altars:
Ashenzari
Cheibriados
Dithmenos
Elyvilon
Gozag
Hepliaklqana
Kikubaaqudgha
Makhleb
Nemelex Xobeh
Okawaru
Qazlal
Ru
Sif Muna
Trog
Uskayaw
Vehumet
Wu Jian
Xom
Yredelemnul
Zin
The Shining One

Shops:
D:4

* , , ,....## .......# ,
,......#.###......## ,,
..........°........ , ,
...........°.,..... ,* ,
,,,,.........##.#...... ,
* , ........°☼##○#○°....
,, * *
.........°.°°°°○°°...., *
##......#,#°.°°°○☼°.....
,,
........[###.☼○.@°°°°○...
,
..........##..○.#○°°°....
,
................#.#......
, ,
#.............!...#...##.
, ,,,
#........=[.[....○....#*,
,
#.......).......)##.....,
, * ........)))....:.#
,....,, , *
........##.......#*, *
......$.###.......# , ,


There were no monsters in sight!


Message History

As you open the door, it creaks loudly!
There is an open door here.
You open the door.
Found Pugitias's Antique Armour Boutique.
There is an open door here.
There is an entrance to Pugitias's Antique Armour Boutique here.
You open the door.
There is an open door here.
You open the door.
Found Puoniy's General Store.
There is an open door here.
There is an entrance to Puoniy's General Store here.
As you open the door, it creaks loudly!
There is an open door here.
Done exploring.
Done exploring.
You open the door.
There is an open door here.
There is a large open door here.
There is a large open door here.
There is an empty arch of ancient stone here.
There is a gate leading back out of this place here.
Welcome back to the Dungeon!
You are engulfed in freezing vapours.
* * * LOW HITPOINT WARNING * * *
There is an empty arch of ancient stone here.
Unknown command.
You enter the shallow water.
Moving in this stuff is going to be slow.
You are engulfed in freezing vapours.
You die...

Skill      XL: |  1  2  3  4  5  6  7  8  9 10 11 |
---------------+----------------------------------+-----
Maces & Flails | 3 4 5 6 8 9 10 12 13 14 | 14.6
Armour         | 4 6 8 10 | 10.6
Invocations    | 3 5 |  5.7
Fighting       | |  2.6
Shields        | |  3.2

Action                   |  1- 3 |  4- 6 |  7- 9 | 10-12 || total
-------------------------+-------+-------+-------+-------++-------
Melee: Flail             |   100 |   245 |       |       ||   345
       Morningstar       |       |    24 |    58 |       ||    82
       Whip              |       |       |   375 |   560 ||   935
Invok: Minor Destruction |       |       |       |    12 ||    12
       Lesser Servant of |       |       |       |     1 ||     1
 Abil: Heal Wounds       |       |     4 |     7 |     9 ||    20
  Use: Scroll            |     5 |     1 |    10 |     8 ||    24
       Potion            |       |       |       |     3 ||     3
Armor: Scale mail        |    50 |     2 |       |       ||    52
       Chain mail        |       |   110 |       |       ||   110
       Plate armour      |       |       |   115 |   141 ||   256
Dodge: Dodged            |    29 |    83 |   111 |   177 ||   400
Block: Kite shield       |    60 |   159 |   203 |   356 ||   778
       Reflection        |       |       |       |     8 ||     8

Levels and vault maps discovered:
D:1:      sevenhm_arrival_forest_fort_small_5, layout_basic,
          chequers_serial_rivers_small_a, chequers_serial_rivers_micro_d
D:2:      layout_rooms, chequers_temple_overflow_statue_of_worship
D:3:      layout_loops_cross, chequers_ecumenical_altar_grove, minmay_circle_x
D:4:      layout_loops_cross, abandoned_shop, nicolae_alphabet_shops,
          uniq_blork_the_orc, uniq_sigmund
D:5:      minmay_evil_eye, layout_rooms, uniq_pikel, uniq_prince_ribbit1
D:6:      layout_loops_cross, cheibrodos_worm_habitat,
          minmay_temple_entry_butterflies
D:7:      layout_rooms, item_on_display_b
D:8:      layout_basic, grunt_temple_overflow_gold_and_silver, elyvilon_altar_4,
          uniq_joseph
D:9:      layout_long_grid, kennysheep_little_box, lair_entry_dummy, erik_orc_4
D:10:     minmay_the_grid_triangle_9x9_rhombus_full
          [minmay_the_grid_triangle_9x9_warning,
          minmay_the_grid_triangle_9x9_corrupted_corridor,
          minmay_the_grid_triangle_9x9_zippers_vertical,
          minmay_the_grid_triangle_9x9_odd_lines,
          minmay_the_grid_triangle_9x9_negative_grid,
          minmay_the_grid_triangle_9x9_empty,
          minmay_the_grid_triangle_9x9_subtriangle,
          minmay_the_grid_triangle_9x9_prize_insulated], layout_basic,
          chequers_serial_rivers_large_a, kennysheep_generic_room_12
D:11:     layout_cave_pools, serial_shops, freezing_bzr, minivault_15
Temple:   kb_temple_of_zot

Notes
Turn   | Place    | Note
-------+----------+-------------------------------------------
     0 | D:1      | Dracia the Deep Dwarf Fighter began the quest for the Orb.
     0 | D:1      | Reached XP level 1. HP: 20/20 MP: 1/1
   111 | D:1      | Reached XP level 2. HP: 27/27 MP: 2/2
   191 | D:1      | Reached skill level 3 in Maces & Flails
   625 | D:1      | Reached XP level 3. HP: 22/33 MP: 3/3
   749 | D:2      | Reached skill level 4 in Maces & Flails
   843 | D:2      | Reached XP level 4. HP: 25/40 MP: 4/4
   952 | D:2      | Found a white marble altar of Elyvilon.
   952 | D:2      | Found a shimmering blue altar of Sif Muna.
  1454 | D:3      | Found a faded altar of an unknown god.
  1584 | D:3      | Reached skill level 5 in Maces & Flails
  1684 | D:3      | Reached XP level 5. HP: 30/46 MP: 5/5
  1949 | D:4      | Found Migehethea's Merry Market.
  1967 | D:4      | Noticed an ogre
  2006 | D:4      | Killed an ogre
  2007 | D:4      | Reached skill level 6 in Maces & Flails
  2007 | D:4      | Reached XP level 6. HP: 19/55 MP: 6/6
  2033 | D:4      | Bought a +0 morningstar for 44 gold pieces
  2063 | D:4      | Noticed Blork the orc
  2067 | D:4      | Reached skill level 7 in Maces & Flails
  2072 | D:4      | Killed Blork the orc
  2168 | D:4      | Noticed Sigmund
  2173 | D:4      | Killed Sigmund
  2174 | D:4      | Reached skill level 8 in Maces & Flails
  2174 | D:4      | Reached XP level 7. HP: 42/61 MP: 7/7
  2189 | D:4      | Got a twisted plate armour
  2199 | D:4      | Identified the cursed +0 plate armour of Dameit {rPois
                  | Will+ rCorr} (You found it on level 4 of the Dungeon)
  2666 | D:5      | Entered Level 5 of the Dungeon
  2682 | D:5      | Reached skill level 4 in Armour
  2703 | D:5      | Noticed Prince Ribbit
  2716 | D:5      | Killed Prince Ribbit
  2717 | D:5      | Reached skill level 9 in Maces & Flails
  2717 | D:5      | Reached XP level 8. HP: 43/68 MP: 8/8
  2732 | D:5      | Noticed Pikel
  2762 | D:4      | Killed Pikel
  2763 | D:4      | Reached skill level 10 in Maces & Flails
  2763 | D:4      | Reached skill level 5 in Armour
  2883 | D:5      | Reached skill level 6 in Armour
  3230 | D:5      | Gained mutation: You passively map the area around you.
                  | [Deep Dwarf growth]
  3230 | D:5      | Reached XP level 9. HP: 53/74 MP: 9/9
  3376 | D:6      | Reached skill level 11 in Maces & Flails
  3584 | D:6      | Found a snail-covered altar of Cheibriados.
  3622 | D:6      | Found a staircase to the Ecumenical Temple.
  3819 | D:6      | Reached skill level 7 in Armour
  4200 | D:7      | Reached skill level 12 in Maces & Flails
  4329 | D:7      | Reached skill level 8 in Armour
  4480 | Temple   | Entered the Ecumenical Temple
  4547 | Temple   | Became a worshipper of Makhleb the Destroyer
  4796 | D:8      | Found a white marble altar of Elyvilon.
  4857 | D:8      | Noticed Joseph
  4893 | D:8      | Killed Joseph
  4894 | D:8      | Reached XP level 10. HP: 46/81 MP: 10/10
  5313 | D:8      | Found an opulent altar of Gozag.
  5313 | D:8      | Found a glowing silver altar of Zin.
  5586 | D:9      | Noticed a two-headed ogre
  5599 | D:9      | Killed a two-headed ogre
  5600 | D:9      | Reached skill level 13 in Maces & Flails
  5600 | D:9      | Reached skill level 9 in Armour
  5617 | D:9      | Reached * piety under Makhleb
  5883 | D:9      | Found a staircase to the Orcish Mines.
  5933 | D:9      | Found an ancient bone altar of Kikubaaqudgha.
  5982 | D:9      | Reached ** piety under Makhleb
  6080 | D:9      | Found a staircase to the Lair.
  6244 | D:9      | Reached skill level 1 in Invocations
  6369 | D:10     | Entered Level 10 of the Dungeon
  6596 | D:10     | Reached skill level 2 in Invocations
  6705 | D:10     | Noticed a deep elf mage
  6720 | D:10     | Killed a deep elf mage
  6758 | D:10     | Reached skill level 3 in Invocations
  6796 | D:10     | Reached skill level 10 in Armour
  6803 | D:10     | Reached XP level 11. HP: 72/88 MP: 13/13
  6820 | D:10     | Found a runed translucent door.
  6830 | D:10     | Reached skill level 14 in Maces & Flails
  6864 | D:10     | Noticed a two-headed ogre
  6865 | D:10     | Noticed a centaur warrior
  6876 | D:10     | Killed a two-headed ogre
  6877 | D:10     | Reached skill level 4 in Invocations
  6887 | D:10     | Killed a centaur warrior
  6904 | D:10     | Identified the Collected Works on Stolen Souls and the
                  | Rocks
  6915 | D:10     | Got an ancient trident
  6915 | D:10     | Identified the +8 trident "Hydraslayer" {vorpal, Dex+4
                  | SInv} (You found it on level 10 of the Dungeon)
  7304 | D:11     | Reached *** piety under Makhleb
  7355 | D:11     | Noticed an obsidian statue
  7367 | D:11     | Noticed a soul eater
  7367 | D:11     | Noticed a sun demon
  7412 | D:11     | Killed an obsidian statue
  7413 | D:11     | Reached skill level 5 in Invocations
  7419 | D:11     | Got a brightly glowing bone ring
  7433 | D:11     | Identified the ring "Ynty" {rF+ Will- rCorr Dex+2} (You
                  | found it on level 11 of the Dungeon)
  7497 | D:11     | Identified the ring "Sesoal" {rN+ Will- MP+9 Str+4 Stlth+}
  7504 | D:11     | Noticed a boulder beetle
  7530 | D:11     | Found a gateway to a bazaar.
  7546 | D:11     | Killed a boulder beetle
  7563 | Bazaar   | Entered a bazaar
  7567 | Bazaar   | Found Jiduzesm's Antique Weapon Boutique.
  7585 | Bazaar   | Found Verhaxil's Weapon Emporium.
  7602 | Bazaar   | Found Pugitias's Antique Armour Boutique.
  7619 | Bazaar   | Found Puoniy's General Store.
  7653 | D:11     | HP: 8/88 [something (11)]
  7654 | D:11     | Engulfed by a cloud of freezing vapour

Vanquished Creatures
  A boulder beetle (D:11)
  A centaur warrior (D:10)
  2 two-headed ogres
  Pikel (D:4)
  An obsidian statue (D:11)
  A deep elf mage (D:10)
  Joseph (D:8)
  A freezing wraith (D:10)
  A komodo dragon (D:10)
  Prince Ribbit (D:5)
  A slime creature (D:10)
  Sigmund (D:4)
  A wyvern (D:10)
  A wraith (D:10)
  A human (D:9)
  An acid dragon (D:11)
  2 water moccasins (D:8)
  8 orc warriors
  An ice beast (D:5)
  5 ogres
  7 centaurs
  A big kobold (D:11)
  Blork the orc (D:4)
  7 bullfrogs
  A water moccasin zombie (D:10)
  6 scorpions
  14 wights
  9 killer bees
  2 howler monkeys
  5 jellies
  A hound (D:8)
  A gnoll shaman (D:8)
  9 orc priests
  A centaur skeleton (D:5)
  11 orc wizards
  2 iguanas
  A bullfrog skeleton (D:9)
  8 worker ants
  2 hound zombies
  3 hound skeletons
  A worker ant zombie (D:9)
  7 gnolls
  A howler monkey skeleton (D:4)
  16 adders
  3 shadow imps
  3 white imps
  4 ufetubi
  2 oozes
  2 adder zombies
  An adder skeleton (D:6)
  3 worms
  A dart slug (D:3)
  8 leopard geckos
  57 orcs
  4 ball pythons
  17 bats
  5 giant cockroaches
  7 goblins
  7 hobgoblins
  9 jackals
  2 quokkas
  8 frilled lizards
  2 jackal skeletons (D:4)
  10 kobolds
  A quokka zombie (D:5)
  7 rats
313 creatures vanquished.

Vanquished Creatures (collateral kills)
  An acid dragon (D:11)
  An ogre (D:11)
  2 wights (D:11)
4 creatures vanquished.

Vanquished Creatures (others)
  3 wights (D:11)
  A worker ant (D:11)
  An orc (D:11)
  A quokka (D:8)
6 creatures vanquished.

Grand Total: 323 creatures vanquished

Table legend: (Time is in decaauts)
 A = Elapsed time spent in this place.
 B = Non-inter-level travel time spent in this place.
 C = Inter-level travel time spent in this place.
 D = Time resting spent in this place.
 E = Time spent auto-exploring this place.
 F = Levels seen in this place.
 G = Mean time per level.
                   A        B        C        D        E       F      G
               +--------+--------+--------+--------+--------+-----+--------+
         Total |   7411 |   6959 |    452 |    100 |   4845 |  13 |  570.1 |
       Dungeon |   7208 |   6802 |    406 |    100 |   4712 |  11 |  655.3 |
        Temple |    112 |     67 |     45 |      0 |     64 |   1 |  112.0 |
        Bazaar |     89 |     89 |      0 |      0 |     69 |   1 |   89.0 |
               +--------+--------+--------+--------+--------+-----+--------+

Top non-repeatable levels by time:
     D:8: 911 daAuts
     D:4: 897 daAuts
    D:10: 867 daAuts
     D:3: 799 daAuts
     D:1: 745 daAuts
     D:9: 708 daAuts
     D:6: 622 daAuts
     D:5: 515 daAuts
     D:2: 464 daAuts
     D:7: 452 daAuts
    D:11: 224 daAuts
  Temple: 112 daAuts
  Bazaar: 89 daAuts

Table legend:
 A = Non-vault XP
 B = Vault XP
 C = Vault XP percentage of total XP
 D = Non-vault monster count
 E = Vault monster count
 F = Vault count percentage of total count
                 A         B        C        D         E       F
            +---------+---------+-------+---------+---------+-------
      Total |    9627 |    6862 |  41.6 |     274 |      43 |  13.6
            +---------+---------+-------+---------+---------+-------
        D:1 |      44 |       0 |   0.0 |      21 |       0 |   0.0
        D:2 |      57 |       0 |   0.0 |      14 |       0 |   0.0
        D:3 |      93 |      13 |  12.3 |      42 |       8 |  16.0
        D:4 |     639 |    1002 |  61.1 |      29 |       3 |   9.4
        D:5 |     734 |     398 |  35.2 |      24 |       3 |  11.1
        D:6 |     701 |       5 |   0.7 |      24 |       1 |   4.0
        D:7 |    1340 |       0 |   0.0 |      27 |       0 |   0.0
        D:8 |     790 |     471 |  37.4 |      20 |       1 |   4.8
        D:9 |    2218 |     600 |  21.3 |      32 |      15 |  31.9
       D:10 |    1064 |    3711 |  77.7 |      14 |      11 |  44.0
       D:11 |    1947 |     662 |  25.4 |      27 |       1 |   3.6
            +---------+---------+-------+---------+---------+-------
